 Dungeon Sprint DCSS version 0.19.1 (webtiles) character file.

1727 equalderp2856 the Ripper (level 8, -8/37 HPs)
             Began as a Felid Fighter on Dec 2, 2016.
             Was a Priest of Hepliaklqana.
             Mangled by a hill giant
             ... wielding a +0 giant club
              (24 damage)
             ... in the Dungeon (Sprint IX: "|||||||||||||||||||||||||||||").
             The game lasted 00:05:31 (2176 turns).

equalderp2856 the Ripper (Felid Fighter)            Turns: 2176, Time: 00:05:31

Health: -8/37      AC:  2    Str: 13    XL:     8   Next: 75%
Magic:  9/9        EV: 29    Int: 13    God:    Hepliaklqana [***...]
Gold:   0          SH:  0    Dex: 16    Spells: 0 memorised, 7 levels left
                                        Lives:  0   Deaths: 2

rFire  . . .     SeeInvis +       - Unarmed
rCold  . . .     Gourm    .     (armour unavailable)
rNeg   . . .     Faith    .     (shield unavailable)
rPois  .         Spirit   .     (helmet unavailable)
rElec  .         Reflect  .     (cloak unavailable)
rCorr  .         Harm     .     (gloves unavailable)
MR     +....     NoTele   +     (boots unavailable)
Stlth  ++++......               (no amulet)
                                m - +3 ring of intelligence
                                n - +2 ring of evasion

@: quick
A: no armour, no weapons or thrown items, stealth, reduced essence, claws 1,
fangs 3, see invisible, carnivore 3, speed 1, shaggy fur 2, slow metabolism 1,
sharp paws
a: Ancestor Life: Knight, Ancestor Life: Battlemage, Ancestor Life: Hexer,
Recall Ancestor, Ancestor Identity, Transference, Renounce Religion


You were in the Dungeon.
You worshipped Hepliaklqana.
Hepliaklqana was most pleased with you.
You were not hungry.

You visited 1 branch

Inventory:

Jewellery
 m - a +3 ring of intelligence (right paw)
 n - a +2 ring of evasion (left paw)
Wands
 l - a wand of acid (3/15)
Scrolls
 h - 2 scrolls of blinking
 j - 4 scrolls of remove curse
 k - 2 scrolls of amnesia
 q - a scroll of identify
 r - 4 scrolls of recharging
 s - a scroll of fog
Potions
 a - a potion of might
 c - 6 potions of curing
 d - a potion of agility
 e - a potion of haste
 f - 4 potions of magic
 g - 2 potions of berserk rage
 i - a potion of invisibility
 o - 2 potions of heal wounds
 p - a potion of cure mutation
Comestibles
 b - 13 meat rations


   Skills:
 + Level 8.8 Fighting
 + Level 11.6 Dodging
 + Level 6.5 Stealth
 + Level 16.3 Unarmed Combat
 + Level 0.9 Evocations


You had 7 spell levels left.
You didn't know any spells.

Dungeon Overview and Level Annotations

Branches:
Dungeon (1/1)

Altars:
Cheibriados
Dithmenos
Elyvilon
Fedhas
Gozag
Hepliaklqana
Kikubaaqudgha
Makhleb
Nemelex Xobeh
Okawaru
Qazlal
Ru
Sif Muna
Trog
Uskayaw
Vehumet
Xom
Yredelemnul
Zin
The Shining One
Beogh
Jiyva
Lugonu


Innate Abilities, Weirdness & Mutations

You cannot wear armour.
You are incapable of wielding weapons or throwing items.
Your paws allow you to move quietly. (Stealth)
You have sharp claws.
You have razor-sharp teeth.
You have supernaturally acute eyesight. (SInv)
You are carnivorous and can eat meat at any time.
You cover ground quickly.
You are covered in thick fur. (AC +2)
You have a slow metabolism.
Your sharp claws are effective at attacking unaware monsters.
Your life essence is reduced. (-10% HP)


Message History

A hill giant is nearby!
The hill giant misses Ealdgyð.
Unknown command.
The hill giant hits Ealdgyð with a +0 giant club!!
Ealdgyð is destroyed!
You scratch the hill giant.
The hill giant is lightly wounded.
The hill giant barely misses you.
You scratch the hill giant but do no damage.
The hill giant is lightly wounded.
You mangle the hill giant!!
The hill giant is moderately wounded.
The hill giant misses you.
You claw the hill giant!
The hill giant is severely wounded.
You claw the hill giant! You claw the hill giant.
The hill giant is almost dead.
The hill giant hits you with a +0 giant club!!
Ouch! That really hurt!
You die...

▓▓▓▓▓▓▓▓▓▓▓▓▓▓▓▓▓▓▓▓▓▓▓▓
______'....)'.....C†..<▓
▓▓▓▓▓▓▓▓▓▓▓▓▓▓▓▓▓▓▓▓▓▓▓▓
.......................▓
▓▓▓▓▓▓▓▓▓▓▓▓▓▓▓▓▓▓▓▓▓▓.▓
.l....l)ll...†.+@C.....▓
▓▓▓▓▓▓▓▓▓▓▓▓▓▓▓▓▓▓▓▓▓▓▓▓
.............)..R...()C▓
▓▓▓▓▓▓▓▓▓▓▓▓▓▓▓▓▓▓▓▓▓▓.▓
.oCooo))).R...R.......▓
▓▓▓▓▓▓▓▓▓▓▓▓▓▓▓▓▓▓▓▓▓▓▓


You could see a hill giant.

Vanquished Creatures
  A hydra (D)
  A gargoyle (D)
  An efreet (D)
  A mottled dragon (D)
  A water moccasin (D)
  A porcupine (D)
  3 orc warriors (D)
  An ogre (D)
  A centaur (D)
  2 crocodiles (D)
  A crimson imp (D)
  An orc priest (D)
  3 orc wizards (D)
  An iguana (D)
  An adder (D)
  A worm (D)
  2 leopard geckos (D)
  An orc (D)
  A bat (D)
  2 frilled lizards (D)
  A kobold (D)
  A rat (D)
29 creatures vanquished.

Vanquished Creatures (collateral kills)
  An orc wizard (D)
1 creature vanquished.

Vanquished Creatures (others)
  A spatial maelstrom (D)
  A hill giant (D)
  An orc wizard (D)
  10 ancestors (D)
13 creatures vanquished.

Grand Total: 43 creatures vanquished

Notes
Turn   | Place    | Note
-------+----------+-------------------------------------------
     0 | D        | equalderp2856 the Felid Fighter began the quest for the Orb.
     0 | D        | Reached XP level 1. HP: 10/10 MP: 2/2
    23 | D        | Banished a spatial maelstrom
   140 | D        | Noticed a centaur
   144 | D        | Killed a centaur
   144 | D        | Reached skill level 7 in Unarmed Combat
   144 | D        | Reached XP level 2. HP: 7/15 MP: 3/3
   144 | D        | Reached XP level 3. HP: 9/19 MP: 4/4
   144 | D        | Reached XP level 4. HP: 11/22 MP: 5/5
   145 | D        | Reached skill level 8 in Unarmed Combat
   150 | D        | Reached skill level 5 in Fighting
   305 | D        | Found a roughly hewn altar of Beogh.
   305 | D        | Found a snail-covered altar of Cheibriados.
   305 | D        | Found a shadowy altar of Dithmenos.
   305 | D        | Found a white marble altar of Elyvilon.
   305 | D        | Found a blossoming altar of Fedhas.
   305 | D        | Found an opulent altar of Gozag.
   306 | D        | Found a hazy altar of Hepliaklqana.
   307 | D        | Found a viscous altar of Jiyva.
   308 | D        | Found an ancient bone altar of Kikubaaqudgha.
   309 | D        | Found a corrupted altar of Lugonu.
   310 | D        | Found a burning altar of Makhleb.
   311 | D        | Found a sparkling altar of Nemelex Xobeh.
   312 | D        | Found an iron altar of Okawaru.
   313 | D        | Found a stormy altar of Qazlal.
   318 | D        | Became a worshipper of Hepliaklqana the Forgotten
   319 | D        | Found a sacrificial altar of Ru.
   320 | D        | Found a deep blue altar of Sif Muna.
   321 | D        | Found a bloodstained altar of Trog.
   322 | D        | Found a hide-covered altar of Uskayaw.
   323 | D        | Found a radiant altar of Vehumet.
   326 | D        | Found a shimmering altar of Xom.
   327 | D        | Found a basalt altar of Yredelemnul.
   328 | D        | Found a glowing silver altar of Zin.
   329 | D        | Found a glowing golden altar of the Shining One.
   354 | D        | Noticed an orc warrior
   354 | D        | Noticed an orc warrior
   354 | D        | Noticed a gargoyle
   354 | D        | Noticed an ogre
   354 | D        | Noticed an orc warrior
   366 | D        | Reached skill level 1 in Stealth
   372 | D        | Killed an orc warrior
   372 | D        | Reached skill level 10 in Unarmed Combat
   372 | D        | Reached XP level 5. HP: 24/24 MP: 6/6
   375 | D        | Killed an ogre
   375 | D        | Gained mutation: You are covered in thick fur. (AC +2) [Felid growth]
   375 | D        | Reached XP level 6. HP: 27/27 MP: 7/7
   383 | D        | Killed a gargoyle
   383 | D        | Reached skill level 12 in Unarmed Combat
   383 | D        | Reached XP level 7. HP: 6/32 MP: 8/8
   446 | D        | Reached skill level 10 in Dodging
   446 | D        | Reached skill level 13 in Unarmed Combat
   501 | D        | Reached * piety under Hepliaklqana
   501 | D        | Noticed a hill giant
   501 | D        | Noticed an efreet
   501 | D        | Noticed a hill giant
   512 | D        | Killed a hill giant
   605 | D        | Slain by a hill giant
   606 | D        | Reached XP level 6. HP: 0/29 MP: 7/7
   659 | D        | Reached ** piety under Hepliaklqana
   693 | D        | Noticed a yak
   693 | D        | Noticed a death yak
   694 | D        | Noticed a catoblepas
   695 | D        | Noticed a catoblepas
   696 | D        | Noticed a death yak
   718 | D        | Noticed a death yak
   720 | D        | Noticed a death yak
  1014 | D        | Noticed a stone giant
  1017 | D        | Reached XP level 7. HP: 15/33 MP: 8/8
  1223 | D        | Hit by a large rock thrown by a stone giant
  1224 | D        | Reached XP level 6. HP: -7/29 MP: 7/7
  1224 | D        | Reached *** piety under Hepliaklqana
  1305 | D        | Killed a mottled dragon
  1367 | D        | HP: 1/29 [efreet/fireball (14)]
  1373 | D        | Killed an efreet
  1373 | D        | Reached skill level 14 in Unarmed Combat
  1373 | D        | Reached XP level 7. HP: 11/33 MP: 8/8
  1678 | D        | Noticed a basilisk
  1678 | D        | Noticed a four-headed hydra
  1679 | D        | Noticed a komodo dragon
  1681 | D        | Reached skill level 5 in Stealth
  1875 | D        | Reached skill level 15 in Unarmed Combat
  1877 | D        | Reached XP level 8. HP: 36/36 MP: 9/9
  2091 | D        | Killed a four-headed hydra
  2091 | D        | Reached skill level 16 in Unarmed Combat
  2176 | D        | Mangled by a hill giant

Skill      XL: |  1  2  3  4  5  6  7  8 |
---------------+-------------------------+-----
Fighting       | 4 6 7 8 |  8.8
Dodging        | 6 7 8 9 11 | 11.6
Unarmed Combat | 7 10 14 15 16 | 16.3
Stealth        | 1 2 4 5 6 |  6.5
Evocations     | |  0.9

Action                   |  1- 3 |  4- 6 |  7- 9 || total
-------------------------+-------+-------+-------++-------
Melee: Unarmed           |    16 |    56 |    41 ||   113
       Bite              |     1 |     9 |     5 ||    15
       Punch             |       |     6 |     3 ||     9
Evoke: Wand              |       |     1 |     3 ||     4
  Use: Potion            |       |     2 |     1 ||     3
Dodge: Dodged            |    10 |    26 |    27 ||    63
